 Dungeon Crawl Stone Soup version 0.28.0-45-g0d030f2227 (webtiles) character file.

Game seed: 2078238088793658807

128 drogon the Chopper (level 5, -1/47 HPs)
             Began as a Hill Orc Fighter on Apr 14, 2022.
             Slain by a gnoll
             ... wielding a +0 spear
              (2 damage)
             ... on level 4 of the Dungeon.
             The game lasted 00:26:43 (1663 turns).

drogon the Chopper (Hill Orc Fighter)               Turns: 1663, Time: 00:26:44

Health: -1/47      AC:  7    Str: 21    XL:     5   Next: 12%
Magic:  5/5        EV:  9    Int:  8    God:
Gold:   113        SH:  4    Dex: 10    Spells: 4/4 levels left

rFire   . . .      SeeInvis .   D - +0 flail
rCold   . . .      Faith    .   c - +0 buckler
rNeg    . . .      Spirit   .   b - +0 scale mail
rPois   .          Reflect  .   (no helmet)
rElec   .          Harm     .   (no cloak)
rCorr   .          Rampage  .   (no gloves)
Will    .....                   (no boots)
Stlth   ..........              (no amulet)
HPRegen 0.15/turn               (no ring)
MPRegen 0.09/turn               (no ring)

@: lethally poisoned (-1 -> -7)
A: no striking features
a: no special abilities


You were on level 4 of the Dungeon.
You visited 1 branch of the dungeon, and saw 4 of its levels.

You collected 113 gold pieces.

Inventory:

Hand Weapons
 a - a +0 war axe
 f - a +0 mace
 h - a +0 club
 k - a +0 dagger
 l - a +0 short sword
 n - a +0 short sword
 q - a +0 club
 w - a +0 club
 x - a +0 club
 A - a +0 whip
 C - a +0 hand axe
 D - a +0 flail (weapon)
 E - a +0 whip
 F - a +0 short sword
 G - a +0 club
Missiles
 i - 30 stones (quivered)
 m - 12 sling bullets
 r - 11 arrows
 t - 2 boomerangs
 v - 8 poisoned darts
 y - 21 bolts
Armour
 b - a +0 scale mail (worn)
 c - a +0 buckler (worn)
 g - a +0 leather armour
 o - a +0 leather armour
 s - a +0 scale mail
 B - a +0 chain mail
 H - a +0 scale mail
Jewellery
 u - a ring of positive energy
Scrolls
 e - a scroll of fear {unknown}
 j - a scroll of identify {unknown}
 p - a scroll of summoning {unknown}
 z - a scroll of magic mapping {unknown}
Potions
 d - a potion of might


   Skills:
 + Level 4.5 Fighting
 + Level 4.5 Axes
 + Level 4.0 Armour
 + Level 1.0 Dodging
 + Level 3.6 Shields


You had 4 spell levels left.
You didn't know any spells.
Your spell library contained the following spells:

 Spells                   Type           Power      Damage    Failure   Level
 Ensorcelled Hibernation  Hex/Ice        0%         N/A       92%         2
 Spider Form              Tmut/Pois      0%         N/A       99%         3
 Anguish                  Hex/Necr       0%         N/A       100%        4


Dungeon Overview and Level Annotations

Branches:
Dungeon (4/15)
 Temple: D:4-7

Altars:


Message History

G - a +0 club;
H - a +0 scale mail Something hits you but does no damage.
Something completely misses you.
There is an escape hatch in the floor here.
You see here a worm corpse.
Something hits you but does no damage.
You slide downwards.
The hatch slams shut behind you.
Reactivating autopickup.
The gnoll shouts!
Found a book of Transfigurations.
Found a stone staircase leading up.
Deactivating autopickup; reactivate with Ctrl-A.
You miss something. Something hits you.
* * * LOW HITPOINT WARNING * * *
You barely miss something. Something hits you but does no damage.
A gnoll comes into view. It is wielding a +0 spear.
You miss something.
The gnoll shouts!
Something hits you but does no damage.
A goblin comes into view. It is wielding a +0 club.
Something hits you but does no damage.
A gnoll comes into view. It is wielding a +0 club.
You miss something.
The gnoll shouts!
You hear a shout!
Something hits you.
* * * LOW HITPOINT WARNING * * *
A gnoll comes into view. It is wielding a +0 flail.
The quokka barely misses you. Something hits you but does no damage.
Something hits you but does no damage. The gnoll barely misses you.
You see here a book of Transfigurations.
The quokka barely misses you.
You barely miss the quokka. The gnoll hits you but does no damage.
You are lethally poisoned!
The quokka bites you but does no damage.
You block something's attack.
You closely miss the quokka.
* * * LOW HITPOINT WARNING * * *
You feel very sick. The quokka barely misses you.
The gnoll hits you from afar with a +0 spear.
You die...

....... ...##...
....... .......#
......g####.....#
.......g.#.....#
...............#
#.............#
#........g...#
#.....g.gr@..#
##.....<.....#
#............#
##.............#
#...............#
#................
#.................
#.................


You could see 4 gnolls, a quokka and a goblin.

Vanquished Creatures
  A hound (D:3)
  3 gnolls (D:3)
  An adder (D:2)
  A worm (D:3)
  A dart slug (D:1)
  4 orcs (D:3)
  6 ball pythons
  6 endoplasms
  A giant cockroach (D:1)
  A goblin (D:2)
  4 hobgoblins
  2 jackals (D:2)
  2 quokkas (D:1)
  7 bats
  A frilled lizard (D:3)
  5 kobolds
  6 rats
52 creatures vanquished.

Vanquished Creatures (others)
  2 plants (D:1)
2 creatures vanquished.

Grand Total: 54 creatures vanquished

Notes
Turn   | Place    | Note
-------+----------+-------------------------------------------
     0 | D:1      | drogon the Hill Orc Fighter began the quest for the Orb.
     0 | D:1      | Reached XP level 1. HP: 19/19 MP: 1/1
   193 | D:1      | Reached XP level 2. HP: 21/27 MP: 2/2
   450 | D:1      | Reached XP level 3. HP: 28/33 MP: 3/3
  1521 | D:3      | Reached XP level 4. HP: 40/40 MP: 4/4
  1633 | D:3      | Reached XP level 5. HP: 27/47 MP: 5/5
  1634 | D:3      | Reached skill level 1 in Dodging
  1663 | D:4      | HP: 1/47 [poisoned by a gnoll]
  1663 | D:4      | Slain by a gnoll

Illustrated notes

Levels and vault maps discovered:
D:1:      lemuel_arrival_muddy, layout_loops_ring, solitary_fountain
D:2:      layout_loops_ring
D:3:      layout_rooms, hangedman_decor_peaks_small, minmay_box_of_dots
D:4:      layout_layer_cave, nemelex_dance_club_becter,
          nicolae_elyvilon_temple_path, mainiacjoe_overflow_24_doors,
          minmay_temple_entry_sparse_star

Skill      XL: |  1  2  3  4  5 |
---------------+----------------+-----
Axes           | 3 4 |  4.5
Fighting       | 4 |  4.5
Armour         | 4 |  4.0
Dodging        | 1 |  1.0
Shields        | |  3.6

Action                   |  1- 3 |  4- 6 || total
-------------------------+-------+-------++-------
Melee: War axe           |    99 |    17 ||   116
       Flail             |       |    23 ||    23
  Use: Potion            |       |     2 ||     2
Armor: Scale mail        |    67 |    36 ||   103
Dodge: Dodged            |    55 |    29 ||    84
Block: Buckler           |    31 |    15 ||    46
